[ PARTIDA AOE2 · #506399841 ]
UnrankedJemeres vs Mongols
Equipo del jugador · DERR
Equipo rival · VICT
[ ANÁLISIS DE REPETICIÓN · EXTRAÍDO DE LA PARTIDA GRABADA ]
Feudal
—
Castillos
—
Imperial
—
| APM promedio | 51.9 |
| APM pico | 112 |
| eAPM promedio | 15.9 |
| Aldeanos / militares | 78 / 33 |
Foco
⚔️ 24.4% · 🌾 75.6%
Spearman ×20 · Scout Cavalry ×6 · Monk ×4 · Skirmisher ×3
Feudal
—
Castillos
—
Imperial
—
| APM promedio | 31.9 |
| APM pico | 77 |
| eAPM promedio | 12.2 |
| Aldeanos / militares | 70 / 56 |
Foco
⚔️ 22.4% · 🌾 77.6%
Steppe Lancer ×48 · Scout Cavalry ×8
Mapa de la partida
Recursos iniciales + cada clic de construcción. Líneas = muros · curvas = relieve. ◆ oro · ⬟ piedra · ● bayas · ✦ reliquia · ◌ hueco del cierre
Tu base· ✓ Cerrada en 19:20 · 61t muro · sin puerta
Base de 百岁山· Abierta — el rival se encerró
Terreno inicial suavizado · ◌ = hueco del cierre detectado · pasá el cursor para detalles
Inputs por minuto
— ManyKitten76428 - - 百岁山
Build order — ManyKitten76428
Primeras 150 de 220 acciones detectadas
| 0:01 | Encolar | Villager (Male) |
| 0:01 | Encolar | Villager (Male) |
| 0:01 | Encolar | Villager (Male) |
| 0:01 | Encolar | Villager (Male) |
| 0:01 | Encolar | Villager (Male) |
| 0:01 | Encolar | Villager (Male) |
| 0:03 | Construir | House |
| 0:05 | Construir | House |
| 1:34 | Encolar | Villager (Male) |
| 1:49 | Encolar | Villager (Male) |
| 2:07 | Encolar | Villager (Male) |
| 2:28 | Construir | Lumber Camp |
| 2:32 | Encolar | Villager (Male) |
| 3:08 | Encolar | Villager (Male) |
| 3:08 | Encolar | Villager (Male) |
| 3:20 | Construir | House |
| 3:21 | Construir | House |
| 3:28 | Encolar | Villager (Male) |
| 3:29 | Encolar | Villager (Male) |
| 3:31 | Encolar | Villager (Male) |
| 3:45 | Encolar | Villager (Male) |
| 4:44 | Encolar | Villager (Male) |
| 5:24 | Encolar | Villager (Male) |
| 5:24 | Encolar | Villager (Male) |
| 5:48 | Investigar | Loom |
| 6:20 | Construir | Palisade Wall |
| 6:45 | Investigar | Feudal Age |
| 8:21 | Construir | Palisade Wall |
| 8:32 | Construir | Mill |
| 8:49 | Encolar | Villager (Male) |
| 8:49 | Encolar | Villager (Male) |
| 8:58 | Construir | Stable |
| 9:19 | Investigar | Double-Bit Axe |
| 9:29 | Encolar | Villager (Male) |
| 9:54 | Encolar | Scout Cavalry |
| 10:02 | Construir | Palisade Wall |
| 10:07 | Encolar | Villager (Male) |
| 10:17 | Construir | Barracks |
| 10:22 | Construir | Palisade Wall |
| 10:45 | Encolar | Villager (Male) |
| 10:49 | Construir | Farm |
| 10:54 | Construir | Farm |
| 11:02 | Encolar | Villager (Male) |
| 11:08 | Construir | Palisade Wall |
| 11:20 | Construir | House |
| 11:27 | Encolar | Scout Cavalry |
| 11:27 | Encolar | Scout Cavalry |
| 11:40 | Construir | Palisade Wall |
| 11:44 | Construir | Palisade Wall |
| 11:58 | Investigar | Horse Collar |
| 12:06 | Construir | Farm |
| 12:08 | Construir | Farm |
| 12:10 | Encolar | Villager (Male) |
| 12:46 | Encolar | Spearman |
| 12:46 | Encolar | Spearman |
| 12:50 | Construir | Palisade Wall |
| 13:16 | Encolar | Scout Cavalry |
| 13:19 | Encolar | Villager (Male) |
| 13:25 | Encolar | Villager (Male) |
| 13:31 | Construir | House |
| 13:37 | Construir | Farm |
| 13:38 | Construir | Farm |
| 13:44 | Construir | Farm |
| 13:45 | Construir | Farm |
| 13:51 | Construir | House |
| 13:52 | Construir | House |
| 14:03 | Construir | Mining Camp |
| 15:06 | Encolar | Villager (Male) |
| 15:07 | Encolar | Villager (Male) |
| 15:07 | Encolar | Villager (Male) |
| 15:19 | Encolar | Spearman |
| 15:20 | Encolar | Spearman |
| 15:20 | Encolar | Spearman |
| 15:22 | Encolar | Scout Cavalry |
| 15:22 | Encolar | Scout Cavalry |
| 15:26 | Construir | Farm |
| 15:28 | Construir | Farm |
| 15:29 | Construir | Farm |
| 15:35 | Construir | House |
| 15:35 | Construir | House |
| 16:21 | Encolar | Villager (Male) |
| 16:21 | Encolar | Villager (Male) |
| 16:29 | Construir | Farm |
| 16:30 | Construir | Farm |
| 16:32 | Construir | Farm |
| 16:38 | Construir | Farm |
| 17:00 | Construir | Blacksmith |
| 17:03 | Encolar | Villager (Male) |
| 17:12 | Encolar | Villager (Male) |
| 17:12 | Encolar | Villager (Male) |
| 17:41 | Encolar | Villager (Male) |
| 17:41 | Encolar | Villager (Male) |
| 17:53 | Construir | Archery Range |
| 17:58 | Encolar | Villager (Male) |
| 17:58 | Encolar | Villager (Male) |
| 18:07 | Construir | Mining Camp |
| 19:01 | Construir | Lumber Camp |
| 19:08 | Construir | Farm |
| 19:20 | Investigar | Castle Age |
| 20:02 | Encolar | Spearman |
| 20:02 | Encolar | Spearman |
| 20:03 | Encolar | Spearman |
| 20:07 | Investigar | Forging |
| 20:19 | Construir | Farm |
| 20:21 | Construir | Farm |
| 20:42 | Encolar | Spearman |
| 20:45 | Encolar | Skirmisher |
| 20:46 | Encolar | Skirmisher |
| 20:46 | Encolar | Skirmisher |
| 20:51 | Construir | House |
| 20:53 | Construir | House |
| 20:55 | Construir | House |
| 21:07 | Encolar | Spearman |
| 21:32 | Investigar | Scale Barding Armor |
| 21:41 | Construir | House |
| 21:42 | Construir | House |
| 21:45 | Construir | Farm |
| 22:43 | Investigar | Pikeman (upgrade) |
| 22:44 | Encolar | Spearman |
| 22:44 | Encolar | Spearman |
| 22:44 | Encolar | Spearman |
| 22:51 | Construir | Town Center |
| 22:58 | Construir | House |
| 23:01 | Investigar | Bow Saw |
| 23:05 | Construir | Farm |
| 23:07 | Encolar | Villager (Male) |
| 23:07 | Encolar | Villager (Male) |
| 23:07 | Encolar | Villager (Male) |
| 23:28 | Encolar | Villager (Male) |
| 23:38 | Encolar | Spearman |
| 23:38 | Encolar | Spearman |
| 23:53 | Encolar | Villager (Male) |
| 24:06 | Investigar | Iron Casting |
| 24:49 | Encolar | Villager (Male) |
| 24:50 | Encolar | Villager (Male) |
| 24:50 | Encolar | Villager (Male) |
| 24:53 | Encolar | Villager (Male) |
| 24:59 | Construir | Monastery |
| 25:01 | Investigar | Gold Mining |
| 25:03 | Investigar | Heavy Plow |
| 25:07 | Encolar | Villager (Male) |
| 25:09 | Encolar | Villager (Male) |
| 25:26 | Construir | House |
| 25:29 | Encolar | Villager (Male) |
| 25:31 | Encolar | Villager (Male) |
| 25:32 | Encolar | Monk |
| 25:32 | Encolar | Monk |
| 25:48 | Encolar | Villager (Male) |
| 25:51 | Encolar | Villager (Male) |
| 25:55 | Construir | House |
Build order — 百岁山
Primeras 150 de 175 acciones detectadas
| 0:03 | Encolar | Villager (Male) |
| 0:03 | Encolar | Villager (Male) |
| 0:04 | Encolar | Villager (Male) |
| 0:07 | Construir | House |
| 0:09 | Construir | House |
| 0:13 | Encolar | Villager (Male) |
| 1:29 | Encolar | Villager (Male) |
| 2:03 | Construir | Lumber Camp |
| 2:05 | Encolar | Villager (Male) |
| 2:19 | Encolar | Villager (Male) |
| 2:19 | Encolar | Villager (Male) |
| 2:46 | Construir | House |
| 2:47 | Construir | House |
| 2:50 | Construir | Palisade Wall |
| 2:51 | Construir | Palisade Wall |
| 2:54 | Encolar | Villager (Male) |
| 2:54 | Encolar | Villager (Male) |
| 3:06 | Encolar | Villager (Male) |
| 3:37 | Encolar | Villager (Male) |
| 3:52 | Encolar | Villager (Male) |
| 3:52 | Encolar | Villager (Male) |
| 4:32 | Construir | Mill |
| 4:38 | Encolar | Villager (Male) |
| 4:38 | Encolar | Villager (Male) |
| 5:43 | Encolar | Villager (Male) |
| 5:43 | Encolar | Villager (Male) |
| 5:44 | Encolar | Villager (Male) |
| 6:15 | Encolar | Villager (Male) |
| 6:16 | Encolar | Villager (Male) |
| 6:43 | Construir | Lumber Camp |
| 6:46 | Construir | House |
| 6:47 | Construir | House |
| 6:47 | Construir | House |
| 7:15 | Investigar | Loom |
| 7:50 | Investigar | Feudal Age |
| 8:31 | Construir | Barracks |
| 8:40 | Construir | Palisade Wall |
| 8:41 | Construir | Palisade Wall |
| 10:03 | Construir | Stable |
| 10:06 | Encolar | Villager (Male) |
| 10:18 | Construir | Blacksmith |
| 10:25 | Encolar | Villager (Male) |
| 10:25 | Encolar | Villager (Male) |
| 10:50 | Investigar | Horse Collar |
| 10:58 | Encolar | Scout Cavalry |
| 10:59 | Encolar | Scout Cavalry |
| 10:59 | Encolar | Scout Cavalry |
| 10:59 | Encolar | Scout Cavalry |
| 11:12 | Encolar | Villager (Male) |
| 11:19 | Construir | Farm |
| 11:32 | Construir | Farm |
| 11:36 | Construir | Farm |
| 11:44 | Construir | Farm |
| 11:45 | Encolar | Villager (Male) |
| 11:46 | Encolar | Villager (Male) |
| 12:00 | Construir | Farm |
| 12:14 | Construir | Farm |
| 12:19 | Construir | Farm |
| 12:45 | Construir | Farm |
| 12:46 | Construir | Farm |
| 12:50 | Encolar | Villager (Male) |
| 12:51 | Encolar | Villager (Male) |
| 12:51 | Encolar | Villager (Male) |
| 13:13 | Encolar | Scout Cavalry |
| 13:13 | Encolar | Scout Cavalry |
| 13:19 | Construir | Farm |
| 13:22 | Construir | Farm |
| 13:33 | Encolar | Scout Cavalry |
| 13:33 | Encolar | Scout Cavalry |
| 13:45 | Construir | Farm |
| 13:46 | Encolar | Villager (Male) |
| 14:10 | Encolar | Villager (Male) |
| 14:42 | Encolar | Villager (Male) |
| 14:43 | Encolar | Villager (Male) |
| 15:16 | Construir | Archery Range |
| 15:25 | Construir | Palisade Wall |
| 15:37 | Encolar | Villager (Male) |
| 15:43 | Construir | Farm |
| 15:45 | Construir | Farm |
| 15:52 | Construir | Mining Camp |
| 16:07 | Encolar | Villager (Male) |
| 16:19 | Investigar | Double-Bit Axe |
| 16:28 | Encolar | Villager (Male) |
| 16:28 | Encolar | Villager (Male) |
| 17:04 | Construir | Farm |
| 17:05 | Construir | Farm |
| 17:34 | Encolar | Villager (Male) |
| 18:03 | Construir | Mining Camp |
| 18:45 | Investigar | Castle Age |
| 19:23 | Construir | Stable |
| 19:27 | Construir | House |
| 19:28 | Construir | House |
| 20:07 | Investigar | Gold Mining |
| 20:35 | Investigar | Bloodlines |
| 20:39 | Investigar | Scale Barding Armor |
| 21:06 | Construir | Stable |
| 21:08 | Construir | Stable |
| 21:30 | Encolar | Steppe Lancer ×4 |
| 21:31 | Encolar | Steppe Lancer ×4 |
| 21:48 | Construir | Town Center |
| 22:02 | Construir | Town Center |
| 22:07 | Encolar | Villager (Male) |
| 22:07 | Encolar | Villager (Male) |
| 22:08 | Encolar | Villager (Male) |
| 22:49 | Investigar | Forging |
| 22:53 | Encolar | Steppe Lancer |
| 22:54 | Encolar | Steppe Lancer |
| 23:17 | Encolar | Villager (Male) |
| 23:17 | Encolar | Villager (Male) |
| 23:21 | Construir | Farm |
| 23:23 | Construir | Farm |
| 23:24 | Construir | Farm |
| 23:25 | Construir | Farm |
| 23:26 | Construir | Farm |
| 23:27 | Construir | Farm |
| 23:28 | Construir | Farm |
| 23:36 | Encolar | Villager (Male) |
| 23:36 | Encolar | Villager (Male) |
| 23:48 | Encolar | Villager (Male) |
| 23:59 | Construir | Town Center |
| 24:12 | Encolar | Steppe Lancer |
| 24:12 | Encolar | Steppe Lancer |
| 24:13 | Encolar | Steppe Lancer |
| 24:36 | Construir | Town Center |
| 24:45 | Investigar | Husbandry |
| 24:52 | Encolar | Villager (Male) |
| 24:52 | Encolar | Villager (Male) |
| 25:14 | Construir | House |
| 25:15 | Construir | House |
| 25:17 | Construir | House |
| 25:18 | Construir | House |
| 25:19 | Construir | House |
| 25:21 | Construir | House |
| 25:22 | Construir | House |
| 25:23 | Construir | House |
| 25:26 | Construir | Palisade Wall |
| 25:39 | Encolar | Villager (Male) ×5 |
| 25:39 | Encolar | Villager (Male) ×5 |
| 25:49 | Construir | Farm |
| 25:52 | Construir | Farm |
| 25:53 | Construir | Farm |
| 26:03 | Encolar | Villager (Male) ×3 |
| 26:13 | Encolar | Villager (Male) |
| 26:18 | Construir | Farm |
| 26:19 | Construir | Farm |
| 26:21 | Construir | Farm |
| 26:29 | Construir | Farm |
| 26:32 | Encolar | Villager (Male) ×2 |
| 26:47 | Encolar | Steppe Lancer |
| 26:53 | Encolar | Steppe Lancer |
Cronología de la partida
| 2:50 | 百岁山 · wall_segment Palisade Wall x1 |
| 2:51 | 百岁山 · wall_segment Palisade Wall x1 |
| 6:20 | ManyKitten76428 · wall_segment Palisade Wall x23 |
| 8:21 | ManyKitten76428 · wall_segment Palisade Wall x4 |
| 8:31 | 百岁山 · first_building Barracks |
| 8:40 | 百岁山 · wall_segment Palisade Wall x1 |
| 8:41 | 百岁山 · wall_segment Palisade Wall x1 |
| 8:58 | ManyKitten76428 · first_building Stable |
| 10:02 | ManyKitten76428 · wall_segment Palisade Wall x6 |
| 10:03 | 百岁山 · first_building Stable |
| 10:17 | ManyKitten76428 · first_building Barracks |
| 10:22 | ManyKitten76428 · wall_segment Palisade Wall x6 |
| 11:08 | ManyKitten76428 · wall_segment Palisade Wall x5 |
| 11:40 | ManyKitten76428 · wall_segment Palisade Wall x8 |
| 11:44 | ManyKitten76428 · wall_segment Palisade Wall x1 |
| 12:50 | ManyKitten76428 · wall_segment Palisade Wall x8 |
| 15:16 | 百岁山 · first_building Archery Range |
| 15:25 | 百岁山 · wall_segment Palisade Wall x1 |
| 17:53 | ManyKitten76428 · first_building Archery Range |
| 24:59 | ManyKitten76428 · first_building Monastery |
| 25:26 | 百岁山 · wall_segment Palisade Wall x1 |
| 27:52 | ManyKitten76428 · wall_segment Palisade Wall x1 |
| 29:10 | ManyKitten76428 · wall_segment Palisade Wall x1 |
| 29:10 | ManyKitten76428 · wall_segment Palisade Wall x1 |
| 31:35 | 百岁山 · first_building Castle |
| 31:57 | ManyKitten76428 · first_building Castle |
| 32:18 | ManyKitten76428 · wall_segment Stone Wall x1 |
| 33:37 | ManyKitten76428 · wall_segment Stone Wall x1 |
| 34:22 | ManyKitten76428 · resign |
[ ANÁLISIS IA · 1 CRÉDITO ]
¿Qué pasó realmente en esta partida?
Wolo.gg analiza cada decisión: build order, eco, micro, errores típicos por bracket. Análisis personalizado por WhatsApp o Discord en 30 segundos.
Guía civ
Jemeres
Perfil
Jugador #15948060